 Dungeon Crawl Stone Soup version 0.30.0-5-g1a98f26d00 (webtiles) character file.

Game seed: 7517169403415523924

74127 McKennaii the Devastator (level 14, -3/93 HPs)
             Began as a Demigod Conjurer on May 11, 2023.
             Shot with an arrow by a centaur warrior (20 damage)
             ... on level 15 of the Dungeon.
             The game lasted 00:46:50 (30897 turns).

McKennaii the Devastator (Demigod Conjurer)        Turns: 30897, Time: 00:46:51

Health: -3/93      AC:  9    Str:  8    XL:     14   Next: 64%
Magic:  35/39      EV: 18    Int: 36    God:
Gold:   1474       SH:  0    Dex: 12    Spells: 34/44 levels left

rFire   + + .        F - +10 short sword of the Howling Oracle {spect, rF++}
rCold   . . .        (no shield)
rNeg    + . .        s - +2 robe {Will+}
rPois   .            a - +2 helmet
rElec   .            l - +0 cloak
rCorr   .            (no gloves)
SInv    .            S - +0 pair of boots
Will    ++...        O - amulet of magic regeneration
Stlth   +++          h - +5 ring of evasion
HPRegen 0.35/turn    q - ring of positive energy
MPRegen 0.66/turn

%: no passive effects
@: no status effects
A: high MP 1, forlorn, divine attributes
a: no special abilities


You were on level 15 of the Dungeon.
You visited 2 branches of the dungeon, and saw 20 of its levels.

You collected 1870 gold pieces.
You spent 396 gold pieces at shops.

Inventory:

Hand Weapons
 F - the +10 short sword of the Howling Oracle (weapon) {spect, rF++}
   (You found it on level 6 of the Dungeon)

   rF:        It greatly protects you from fire.
Missiles
 U - a throwing net
Armour
 a - a +2 helmet (worn)
 l - a +0 cloak (worn)
 s - a +2 robe of willpower (worn)
 I - +0 steam dragon scales
 S - a +0 pair of boots (worn)
Jewellery
 g - a +6 ring of strength
 h - a +5 ring of evasion (left hand)
 q - a ring of positive energy (right hand)
 u - a ring of ice
 O - an amulet of magic regeneration (around neck)
 W - a ring of protection from fire
Wands
 w - a wand of paralysis (28)
 A - a wand of polymorph (29)
 B - a wand of flame (69)
 K - a wand of digging (12)
 P - a wand of quicksilver (5)
Scrolls
 c - 2 scrolls of blinking
 d - 5 scrolls of enchant armour
 i - 7 scrolls of amnesia
 m - 6 scrolls of vulnerability
 v - 2 scrolls of brand weapon
 x - 5 scrolls of fear
 y - 5 scrolls of magic mapping {unknown}
 z - 5 scrolls of immolation {unknown}
 C - 8 scrolls of teleportation
 D - 2 scrolls of noise {unknown}
 H - 5 scrolls of fog {unknown}
 J - 3 scrolls of enchant weapon {unknown}
 N - 5 scrolls of poison {unknown}
 Q - 2 scrolls of identify
 T - 2 scrolls of silence
 V - a scroll of summoning
Potions
 b - 4 potions of magic
 e - 3 potions of heal wounds
 f - 7 potions of curing
 j - 8 potions of brilliance
 k - 2 potions of invisibility
 n - a potion of berserk rage
 o - 4 potions of flight
 p - a potion of haste
 r - 6 potions of lignification
 t - 5 potions of ambrosia
 E - 6 potions of attraction
 G - 4 potions of cancellation {unknown}
 L - 3 potions of might {unknown}
 R - a potion of mutation {unknown}


   Skills:
 - Level 5.0 Dodging
 - Level 5.0 Stealth
 + Level 15.6 Spellcasting
 + Level 17.2 Conjurations
 - Level 2.0 Earth Magic


You had 34 spell levels left.
You knew the following spells:

 Your Spells              Type           Power      Damage    Failure   Level
a - Magic Dart            Conj           100%       1d8       0%          1
b - Searing Ray           Conj           100%       2d8       0%          2
c - Iskenderun's Mystic   Conj/Tloc      74%        2d15      1%          4
d - Stone Arrow           Conj/Erth      100%       3d13      1%          3

Your spell library contained the following spells:

 Spells                   Type           Power      Damage    Failure   Level
 Apportation              Tloc           56%        N/A       1%          1
 Freeze                   Ice            100%       1d10      1%          1
 Necrotise                Necr           100%       1d9       1%          1
 Shock                    Conj/Air       100%       1d9       1%          1
 Sting                    Tmut/Pois      100%       1d8       1%          1
 Summon Small Mammal      Summ           100%       N/A       1%          1
 Call Imp                 Summ           56%        N/A       1%          2
 Poisonous Vapours        Pois/Air       56%        N/A       1%          2
 Sublimation of Blood     Necr           28%        N/A       1%          2
 Dazzling Flash           Conj/Hex       100%       N/A       1%          3
 Hailstorm                Conj/Ice       74%        3d15      1%          3
 Mephitic Cloud           Conj/Pois/Air  62%        N/A       1%          3
 Fulminant Prism          Conj/Hex       37%        3d17      1%          4
 Irradiate                Conj/Tmut      37%        3d24      1%          5
 Frozen Ramparts          Ice            56%        1d9       4%          3
 Swiftness                Air            28%        N/A       4%          3
 Animate Armour           Summ/Erth      70%        N/A       9%          4
 Leda's Liquefaction      Hex/Erth       17%        N/A       9%          4
 Petrify                  Tmut/Erth      35%        N/A       9%          4
 Airstrike                Air            14%        2d(2-18)  13%         4
 Animate Dead             Necr           28%        N/A       13%         4
 Olgreb's Toxic Radiance  Pois           28%        N/A       13%         4
 Lee's Rapid Deconstruct  Erth           21%        3d12*     16%         5
 Statue Form              Tmut/Erth      23%        N/A       80%         6
 Lehudib's Crystal Spear  Conj/Erth      38%        10d10     86%         8
 Simulacrum               Ice/Necr       14%        N/A       90%         6
 Haunt                    Necr/Summ      14%        N/A       100%        7
 Ozocubu's Refrigeration  Ice            14%        4d10      100%        7
 Infestation              Necr           14%        N/A       100%        8
 Polar Vortex             Ice            14%        N/A       100%        9


Dungeon Overview and Level Annotations

Branches:
Dungeon (15/15)            Temple (0/1) D:5            Lair (5/5) D:11
 Shoals (0/4) Lair:3       Spider (0/4) Lair:2        Slime (0/5) Lair:4
    Orc (0/2) D:12         Vaults (0/5) D:13
 Depths: D:15

Shops:
D:3 :


Innate Abilities, Weirdness & Mutations

You have an increased reservoir of magic. (+10% MP)
You shall have no god before yourself.
Your divine heritage dramatically boosts your attributes as you level up.


Message History

You can't see any susceptible monsters within range! (Use Z to cast anyway.)
You can't see any susceptible monsters within range! (Use Z to cast anyway.) Unknown command.
The centaur shoots an arrow.
The arrow barely misses you.
There is a stone staircase leading up, spattered with blood here.
Found a book of Air.
You start resting.
There are monsters nearby!
The centaur warrior shoots an arrow.
The arrow misses you.
The centaur warrior shoots an arrow.
The arrow misses you.
There is a stone staircase leading up, spattered with blood here.
Casting: Stone Arrow (safe; 1% risk of failure)
Confirm with . or Enter, or press ? or * to list all spells.
Aiming: Stone Arrow (safe; 1% risk of failure)
Press: ? - help, Shift-Dir - straight line, f - centaur warrior
Aim: a centaur warrior, wielding a +0 shortbow (84% to hit)
The stone arrow hits the centaur warrior!!
The centaur warrior is moderately wounded.
The centaur shoots an arrow.
The arrow hits you.
The centaur warrior shoots an arrow.
The arrow hits you!!
Unknown command.
Casting: Stone Arrow (safe; 1% risk of failure)
Confirm with . or Enter, or press ? or * to list all spells.
Aiming: Stone Arrow (safe; 1% risk of failure)
Press: ? - help, Shift-Dir - straight line, f/p - centaur warrior
Aim: a centaur warrior, wielding a +0 shortbow (moderately wounded, 84% to hit)
The stone arrow hits the centaur warrior!!
The centaur warrior is almost dead.
The centaur warrior shoots an arrow.
The arrow hits you!!
The centaur shoots an arrow.
The arrow hits you!
* * * LOW HITPOINT WARNING * * *
A centaur comes into view.
The centaur shoots an arrow.
The arrow misses you.
The centaur warrior shoots an arrow.
The arrow closely misses you.
The centaur wields a +0 shortbow.
The centaur shoots an arrow.
The arrow barely misses you.
The centaur shoots an arrow.
The arrow hits you!
* * * LOW HITPOINT WARNING * * *
The centaur warrior shoots an arrow.
The arrow hits you!!
You die...

.#.### ###.
.....# #...
.....# #...
...... ##..##
.....# ?...#
.....#
.#####c..######
.....#
....c....:.....
...... # #.#
.#....
#...####@###.##
......
.c.....[).......
#.....
.###...........#
.....
.c.)..[......#..
# ....
.###c..........
....
#.........###
#.........#
#.).......#
#......####


You could see a centaur warrior and 3 centaurs.

Vanquished Creatures
  An ironbound preserver (D:13)
  Azrael (D:13)
  Snorg (Lair:4)
  Josephine (D:14)
  Fannar (Lair:1)
  6 hydras
  3 catoblepae
  5 boulder beetles
  4 two-headed ogres
  2 death knights
  2 dancing weapons (D:14)
  A deep troll shaman (Lair:5)
  Urug (Lair:3)
  9 death yaks
  3 skeletal warriors (D:14)
  Sonja (Lair:4)
  Amaemon (D:10)
  A skyshark (Lair:4)
  Lodul (D:13)
  An orc knight (D:15)
  6 deep elf pyromancers
  2 manticores (D:11)
  4 cyclopes
  9 ugly things
  17 elephants
  6 black mambas
  An orange demon (D:10)
  3 gargoyles
  A torpor snail (Lair:2)
  8 cane toads
  2 unseen horrors
  6 komodo dragons
  A rime drake (Lair:4)
  A kobold demonologist (D:14)
  2 efreet
  6 trolls
  2 tengu conjurers (D:13)
  2 merfolk (Lair:3)
  A polar bear (Lair:4)
  A hornet (D:9)
  5 dream sheep (Lair:3)
  15 blink frogs
  4 slime creatures (D:14)
  A shadow (D:12)
  2 jumping spiders (Lair:2)
  14 yaks
  10 wraiths
  3 wyverns
  5 basilisks
  4 fire elementals
  A warg (D:15)
  A redback (Lair:2)
  6 vampire mosquitoes
  2 steam dragons (D:8)
  2 acid dragons (D:12)
  11 water moccasins
  2 sky beasts
  6 black bears
  An orc warrior (D:7)
  10 ogres
  31 wolves
  7 centaurs
  3 phantoms
  6 kobold brigands
  17 bullfrogs
  A gnoll sergeant (D:11)
  2 scorpions
  6 troll zombies (D:12)
  A killer bee (D:11)
  An electric eel (Lair:4)
  6 howler monkeys
  A jelly (D:6)
  10 orc priests
  5 hounds
  2 iguanas (D:5)
  2 sleepcaps (D:5)
  Jessica (D:3)
  Ijyb (D:5)
  15 orc wizards
  2 ogre zombies (D:12)
  Robin (D:3)
  4 gnolls (D:4)
  7 adders
  2 white imps (D:6)
  4 worms
  3 dart slugs
  49 orcs
  10 ball pythons
  6 endoplasms
  4 giant cockroaches
  14 goblins
  10 hobgoblins
  13 jackals
  33 kobolds
  3 quokkas
  9 bats
  15 frilled lizards
  4 goblin zombies (D:12)
  4 hobgoblin zombies (D:12)
  4 orc skeletons (D:12)
  13 orc zombies (D:12)
  2 rats
566 creatures vanquished.

Vanquished Creatures (collateral kills)
  A merfolk siren (Lair:3)
  A merfolk (Lair:3)
2 creatures vanquished.

Grand Total: 568 creatures vanquished

Notes
Turn   | Place    | Note
-------+----------+-------------------------------------------
     0 | D:1      | McKennaii the Demigod Conjurer began the quest for the Orb.
     0 | D:1      | Reached XP level 1. HP: 14/14 MP: 5/5
     9 | D:1      | Noticed an ogre
   282 | D:1      | Reached XP level 2. HP: 20/20 MP: 5/7
   764 | D:1      | Learned a level 2 spell: Searing Ray
  1071 | D:1      | Reached XP level 3. HP: 26/26 MP: 4/8
  1580 | D:2      | Reached skill level 4 in Conjurations
  2197 | D:3      | Found Hamul's Book Shoppe.
  2235 | D:3      | Reached XP level 4. HP: 33/33 MP: 5/10
  2614 | D:3      | Noticed Jessica
  2620 | D:3      | Killed Jessica
  2824 | D:3      | Noticed Robin
  3042 | D:3      | Killed Robin
  3043 | D:3      | Reached XP level 5. HP: 38/38 MP: 0/11
  3405 | D:4      | Noticed a water moccasin
  3445 | D:4      | Learned a level 4 spell: Iskenderun's Mystic Blast
  4310 | D:4      | Reached XP level 6. HP: 41/45 MP: 9/13
  4753 | D:4      | Killed a water moccasin
  4812 | D:5      | Entered Level 5 of the Dungeon
  4960 | D:5      | Reached skill level 5 in Conjurations
  5162 | D:5      | Noticed Ijyb
  5164 | D:5      | Reached XP level 7. HP: 50/50 MP: 8/15
  5268 | D:5      | Killed Ijyb
  5447 | D:5      | Found a staircase to the Ecumenical Temple.
  6616 | D:6      | Reached skill level 5 in Stealth
  6736 | D:6      | Reached XP level 8. HP: 48/57 MP: 8/18
  6854 | D:6      | Reached skill level 5 in Dodging
  6854 | D:6      | Reached skill level 6 in Conjurations
  7085 | D:6      | Reached skill level 5 in Spellcasting
  7124 | D:6      | Identified the +10 short sword of the Howling Oracle
                  | {spect, rF++}
  8052 | D:7      | Reached skill level 7 in Conjurations
  9097 | D:8      | Reached XP level 9. HP: 57/62 MP: 1/22
  9418 | D:8      | Reached skill level 8 in Conjurations
 10355 | D:9      | Noticed a two-headed ogre
 10364 | D:9      | Killed a two-headed ogre
 10538 | D:9      | Paralysed by a hornet for 1 turns
 10642 | D:9      | Reached skill level 9 in Conjurations
 10868 | D:9      | Reached XP level 10. HP: 28/69 MP: 3/26
 11270 | D:10     | Entered Level 10 of the Dungeon
 11496 | D:10     | Noticed a two-headed ogre
 11537 | D:10     | Killed a two-headed ogre
 11538 | D:10     | Reached skill level 10 in Conjurations
 11650 | D:10     | Noticed a two-headed ogre
 11659 | D:10     | Noticed Amaemon
 11824 | D:10     | Noticed a two-headed ogre
 11837 | D:10     | Killed a two-headed ogre
 12071 | D:10     | Identified the +3 chain mail "Agudai" {-Cast Dex+5}
 12133 | D:10     | Killed a two-headed ogre
 12415 | D:11     | Noticed a boulder beetle
 12432 | D:10     | Killed Amaemon
 13006 | D:11     | Found a staircase to the Lair.
 13039 | D:11     | Identified the +12 sling of the World {antimagic, rPois}
 13183 | D:11     | Reached skill level 11 in Conjurations
 13374 | D:3      | Bought a book of Armaments for 396 gold pieces
 13378 | D:3      | Learned a level 3 spell: Stone Arrow
 13544 | Lair:1   | Entered Level 1 of the Lair of Beasts
 13544 | Lair:1   | Noticed a black mamba
 13550 | Lair:1   | Killed a black mamba
 13591 | Lair:1   | Reached XP level 11. HP: 74/74 MP: 22/29
 13603 | Lair:1   | Reached skill level 1 in Earth Magic
 13827 | Lair:1   | Noticed a boulder beetle
 13836 | Lair:1   | Noticed Fannar
 13854 | Lair:1   | Reached skill level 10 in Spellcasting
 14855 | Lair:1   | Killed Fannar
 15032 | Lair:1   | Killed a boulder beetle
 15033 | Lair:1   | Reached skill level 12 in Conjurations
 15522 | Lair:2   | Noticed a catoblepas
 15562 | Lair:2   | Killed a catoblepas
 15865 | Lair:2   | Noticed a catoblepas
 16009 | Lair:2   | Killed a catoblepas
 16241 | Lair:2   | Found a hole to the Spider Nest.
 16553 | Lair:2   | Reached XP level 12. HP: 81/81 MP: 9/32
 17280 | Lair:2   | Reached skill level 13 in Conjurations
 18427 | Lair:3   | Noticed a six-headed hydra
 18434 | Lair:3   | Killed a six-headed hydra
 18435 | Lair:3   | Noticed Urug
 18446 | Lair:3   | Killed Urug
 18715 | Lair:3   | Found a staircase to the Shoals.
 19206 | Lair:4   | Reached skill level 14 in Conjurations
 19689 | Lair:4   | Noticed a four-headed hydra
 19699 | Lair:4   | Killed a four-headed hydra
 19708 | Lair:4   | Noticed an eight-headed hydra
 19902 | Lair:4   | Noticed Snorg
 19911 | Lair:4   | Noticed Sonja
 19912 | Lair:4   | Killed Snorg
 19921 | Lair:4   | Killed Sonja
 20636 | Lair:4   | Killed an eight-headed hydra
 20637 | Lair:4   | Reached XP level 13. HP: 73/86 MP: 4/35
 20813 | Lair:4   | Found a staircase to the Slime Pits.
 21062 | Lair:5   | Entered Level 5 of the Lair of Beasts
 21825 | Lair:5   | Reached skill level 15 in Conjurations
 25700 | D:11     | Reached skill level 16 in Conjurations
 26379 | D:12     | Found a staircase to the Orcish Mines.
 26887 | D:12     | Reached XP level 14. HP: 88/93 MP: 27/37
 26964 | D:12     | You fall into a shaft and drop 1 floor!
 27087 | D:13     | Noticed an ironbound preserver
 27090 | D:13     | Noticed Azrael
 27254 | D:12     | Identified the +7 dagger "Dufuy" {flame, rF+ rC+ rCorr
                  | Dex-2}
 27256 | D:12     | Identified the +1 leather armour "Vah Ped" {MP+9 Int-5
                  | Dex+6 Stlth+}
 27901 | D:12     | Identified the +0 scale mail "Tuelisom" {Rampage *Slow
                  | Dex+2}
 27956 | D:13     | Noticed Lodul
 28049 | D:13     | Killed Lodul
 28197 | D:13     | Identified the +4 leather armour of the Hunter {Str+2}
 28292 | D:13     | Reached skill level 15 in Spellcasting
 28389 | D:13     | Killed Azrael
 28600 | D:13     | Killed an ironbound preserver
 28837 | D:13     | Found a gate to the Vaults.
 29685 | D:14     | Noticed Josephine
 29691 | D:14     | Reached skill level 17 in Conjurations
 29707 | D:14     | Killed Josephine
 30647 | D:15     | Entered Level 15 of the Dungeon
 30897 | D:15     | Shot with an arrow by a centaur warrior

Illustrated notes

Levels and vault maps discovered:
D:1:      evilmike_arrival_come_back, layout_loops_ring, minmay_lizard_king
D:2:      layout_rooms, basic_altar
D:3:      layout_rooms, mainiacjoe_overflow_concentric_impassable, serial_shops,
          nicolae_shop_back_alley_shop, shapermc_ecumenical_altar_gd,
          uniq_robin, uniq_jessica
D:4:      layout_loops_ring
D:5:      layout_basic, minmay_temple_entry_waves, hangedman_decor_lopped,
          minmay_hedge_maze, hellmonk_no_cap, uniq_ijyb
D:6:      layout_basic, lemuel_round_altar, minmay_parallelograms
D:7:      layout_loops_corners, grunt_qazlal_sundering, fedhas_altar_1
D:8:      layout_loops_ring, lemuel_coloured_pillars_altar,
          nicolae_figureground_pulse
D:9:      layout_basic, mainiacjoe_overflow_24_doors, kennysheep_generic_room_8
D:10:     layout_gridville, mainiacjoe_overflow_surrounded_room, uniq_amaemon
D:11:     wad_woods_structure_01, layout_irregular_city,
          kennysheep_generic_room_9
D:12:     layout_basic, zombieorc2_lemuel
D:13:     layout_big_octagon, skrybe_vaults_entry_preservation,
          serial_column_ruins, column_ruins_open_medium,
          column_ruins_corridor_dead_end, column_ruins_grid_1,
          column_ruins_grid_3, column_ruins_grid_1, column_ruins_open_small,
          uniq_azrael, uniq_lodul
D:14:     layout_basic, amcnicky_mini_pool_small, dancing_weapons_uskayaw,
          uniq_josephine
D:15:     grunt_enter_depths_hoard, layout_rooms, patterned_corridor,
          nemelex_xobeh_ov_fountains_minmay
Lair:1:   layout_regular_city, beast_lair_carwin_6, uniq_fannar
Lair:2:   layout_gridlike, spider_nest_entry_funnel_web, basic_altar,
          st_stairs_7, grunt_forest_small_clearing_treed
Lair:3:   layout_cave_pods, elwin_shoals_entry_stream, grunt_megastairs_4,
          infiniplex_staircase_pool_2, uniq_urug
Lair:4:   layout_gridlike, dpeg_slime_entry_enclosed, wad_woods_river_01,
          uniq_sonja, uniq_snorg
Lair:5:   grunt_lair_end_beastmaster, layout_small_grid

Skill      XL: |  1  2  3  4  5  6  7  8  9 10 11 12 13 14 |
---------------+-------------------------------------------+-----
Dodging        | 2 3 4 5 |  5.0
Stealth        | 2 3 4 5 |  5.0
Spellcasting   | 2 3 4 6 8 9 11 13 14 15 | 15.6
Conjurations   | 4 5 7 9 11 12 14 16 17 | 17.2
Earth Magic    | 2 |  2.0

Action                     |  1- 3 |  4- 6 |  7- 9 | 10-12 | 13-15 || total
---------------------------+-------+-------+-------+-------+-------++-------
  Melee: Unarmed           |    11 |    13 |       |       |       ||    24
         Dagger            |       |       |    29 |       |       ||    29
         Short sword       |       |       |       |    49 |   136 ||   185
         Punch             |       |       |       |     2 |     1 ||     3
   Cast: Magic Dart        |   102 |   194 |   159 |   179 |       ||   634
         Searing Ray       |       |     7 |    59 |    34 |     1 ||   101
         Iskenderun's Myst |       |       |     4 |    88 |    94 ||   186
         Stone Arrow       |       |       |       |   170 |   460 ||   630
  Evoke: Wand              |       |       |       |     7 |    13 ||    20
    Use: Scroll            |       |       |       |    13 |     5 ||    18
         Potion            |       |       |       |     1 |     4 ||     5
   Stab: Distracted        |       |       |       |     1 |     2 ||     3
 Armour: Robe              |     7 |    12 |    35 |    41 |    75 ||   170
  Dodge: Dodged            |    27 |    71 |   106 |   157 |   234 ||   595
